 Dungeon Sprint DCSS version 0.21.1-1-g345015f (webtiles) character file.

291 joklet the Eclecticist (level 6, -4/32 HPs)
             Began as a Deep Elf Conjurer on Mar 12, 2018.
             Was a Believer of Sif Muna.
             Slain by an unseen horror (8 damage)
             ... in the Dungeon (Sprint IX: "|||||||||||||||||||||||||||||").
             The game lasted 00:03:07 (400 turns).

joklet the Eclecticist (Deep Elf Conjurer)           Turns: 400, Time: 00:03:08

Health: -4/32      AC:  3    Str:  8    XL:     6   Next: 10%
Magic:  2/26       EV: 15    Int: 22    God:    Sif Muna [**....]
Gold:   0          SH:  0    Dex: 15    Spells: 25/36 levels left

rFire    . . .     SeeInvis .   m - staff of energy
rCold    . . .     Gourm    .   (no shield)
rNeg     . . .     Faith    .   a - +0 robe
rPois    .         Spirit   .   (no helmet)
rElec    .         Reflect  .   (no cloak)
rCorr    .         Harm     .   (no gloves)
MR       .....     NoTele   +   n - +0 pair of boots
Stlth    ++........             (no amulet)
HPRegen  0.10/turn              o - +3 ring of strength
MPRegen  0.20/turn              p - +2 ring of evasion

@: very slightly contaminated
A: no striking features
a: Divine Energy, Renounce Religion


You were in the Dungeon.
You worshipped Sif Muna.
Sif Muna was pleased with you.
You were not hungry.

You visited 1 branch

Inventory:

Armour
 a - a +0 robe (worn)
 n - a +0 pair of boots (worn)
Magical Staves
 m - an uncursed staff of energy (weapon)
Jewellery
 o - a +3 ring of strength (left hand)
 p - a +2 ring of evasion (right hand)
Wands
 l - a wand of acid (10)
Scrolls
 i - a scroll of blinking
 j - 3 scrolls of remove curse
 k - 2 scrolls of amnesia
Potions
 d - 5 potions of curing
 e - a potion of invisibility
 f - a potion of haste
 g - 2 potions of magic
 h - a potion of heal wounds
Books
 b - a book of Conjurations

   Spells                             Type                      Level
   a - Magic Dart                     Conjuration                  1
   b - Searing Ray                    Conjuration                  2
   c - Dazzling Spray                 Conjuration/Hexes            3
   d - Fulminant Prism                Conjuration/Hexes            4
   e - Force Lance                    Conjuration/Translocation    4
   f - Iskenderun's Mystic Blast      Conjuration                  4
Comestibles
 c - a ration


   Skills:
 - Level 2.4 Dodging
 - Level 2.4 Stealth
 + Level 15.6 Spellcasting
 - Level 4.3 Conjurations
 - Level 1.7 Translocations


You had 25 spell levels left.
You knew the following spells:

 Your Spells              Type           Power        Failure   Level  Hunger
a - Magic Dart            Conj           ####         1%          1    None
b - Searing Ray           Conj           #####.       1%          2    None
c - Iskenderun's Mystic   Conj           #####...     5%          4    None
d - Force Lance           Conj/Tloc      ####....     10%         4    None


Dungeon Overview and Level Annotations

Branches:
Dungeon (1/1)

Altars:
Cheibriados
Dithmenos
Elyvilon
Fedhas
Gozag
Hepliaklqana
Kikubaaqudgha
Makhleb
Nemelex Xobeh
Okawaru
Qazlal
Ru
Sif Muna
Trog
Uskayaw
Vehumet
Wu Jian
Xom
Yredelemnul
Zin
The Shining One
Beogh
Jiyva
Lugonu


Message History

The adder skeleton bites you.
* * * LOW HITPOINT WARNING * * *
There is a burning altar of Makhleb here.
You feel much better.
The adder skeleton bites you but does no damage.
You hit the adder skeleton.
You destroy the adder skeleton!
Sif Muna accepts your kill. Something hits you!
Deactivating autopickup; reactivate with Ctrl-A.
Something barely misses you.
There is a sparkling altar of Nemelex Xobeh here.
Something hits you. Something hits you!
* * * LOW HITPOINT WARNING * * *
There is an iron altar of Okawaru, spattered with blood here.
You closely miss something. Something barely misses you.
You closely miss something. Something hits you.
* * * LOW HITPOINT WARNING * * *
Something hits you!
You die... ▓▓▓▓▓▓▓▓▓▓▓▓▓▓▓▓▓▓▓▓▓▓▓▓▓▓▓▓▓▓▓▓▓ [)...'__________@_____________'.. ▓▓▓▓▓▓▓▓▓▓▓▓▓▓▓▓▓▓▓▓▓▓▓▓▓▓▓▓▓▓▓▓▓

There were no monsters in sight!

Vanquished Creatures
  A soldier ant (D)
  An orc warrior (D)
  An orc wizard (D)
  A worker ant (D)
  3 adders (D)
  An adder skeleton (D)
  A bat (D)
  A giant cockroach (D)
  A goblin (D)
  A hobgoblin (D)
  A ball python (D)
  A kobold (D)
14 creatures vanquished.

Notes
Turn   | Place    | Note
-------+----------+-------------------------------------------
     0 | D        | joklet the Deep Elf Conjurer began the quest for the Orb.
     0 | D        | Reached XP level 1. HP: 10/10 MP: 6/6
    10 | D        | Reached skill level 4 in Spellcasting
    19 | D        | Reached skill level 5 in Spellcasting
   110 | D        | Noticed a worker ant
   110 | D        | Noticed an orc wizard
   117 | D        | Reached skill level 7 in Spellcasting
   117 | D        | Reached XP level 2. HP: 15/15 MP: 8/12
   123 | D        | Reached skill level 9 in Spellcasting
   123 | D        | Reached XP level 3. HP: 19/19 MP: 2/16
   132 | D        | Reached skill level 11 in Spellcasting
   132 | D        | Reached XP level 4. HP: 19/24 MP: 13/19
   136 | D        | Learned a level 2 spell: Searing Ray
   141 | D        | Learned a level 4 spell: Iskenderun's Mystic Blast
   146 | D        | Learned a level 4 spell: Force Lance
   293 | D        | Found a roughly hewn altar of Beogh.
   293 | D        | Found a snail-covered altar of Cheibriados.
   293 | D        | Found a shadowy altar of Dithmenos.
   293 | D        | Found a white marble altar of Elyvilon.
   293 | D        | Found a blossoming altar of Fedhas.
   293 | D        | Found an opulent altar of Gozag.
   294 | D        | Found a hazy altar of Hepliaklqana.
   295 | D        | Found a viscous altar of Jiyva.
   296 | D        | Found an ancient bone altar of Kikubaaqudgha.
   297 | D        | Found a corrupted altar of Lugonu.
   298 | D        | Found a burning altar of Makhleb.
   299 | D        | Found a sparkling altar of Nemelex Xobeh.
   300 | D        | Found an iron altar of Okawaru.
   301 | D        | Found a stormy altar of Qazlal.
   302 | D        | Found a sacrificial altar of Ru.
   303 | D        | Found a deep blue altar of Sif Muna.
   304 | D        | Found a bloodstained altar of Trog.
   305 | D        | Found a hide-covered altar of Uskayaw.
   306 | D        | Found a radiant altar of Vehumet.
   307 | D        | Found an ornate altar of the Wu Jian Council.
   308 | D        | Found a shimmering altar of Xom.
   309 | D        | Found a basalt altar of Yredelemnul.
   310 | D        | Found a glowing silver altar of Zin.
   311 | D        | Found a glowing golden altar of the Shining One.
   325 | D        | Became a worshipper of Sif Muna the Loreminder
   360 | D        | Noticed a wyvern
   360 | D        | Noticed a soldier ant
   360 | D        | Noticed an orc warrior
   372 | D        | Killed an orc warrior
   372 | D        | Reached * piety under Sif Muna
   372 | D        | Reached skill level 13 in Spellcasting
   372 | D        | Reached skill level 1 in Translocations
   372 | D        | Reached XP level 5. HP: 8/28 MP: 4/23
   372 | D        | Killed a soldier ant
   372 | D        | Reached ** piety under Sif Muna
   372 | D        | Reached skill level 15 in Spellcasting
   372 | D        | Reached XP level 6. HP: 9/32 MP: 4/26
   392 | D        | HP: 1/32 [adder skeleton (3)]
   400 | D        | Slain by an unseen horror

Skill      XL: |  1  2  3  4  5 |
---------------+----------------+-----
Spellcasting   | 7 9 11 13 15 | 15.6
Translocations | 1 |  1.7
Dodging        | |  2.4
Stealth        | |  2.4
Conjurations   | |  4.3

Action                   |  1- 3 |  4- 6 || total
-------------------------+-------+-------++-------
Melee: Unarmed           |     9 |       ||     9
       Staff             |       |     3 ||     3
 Cast: Magic Dart        |    24 |     5 ||    29
       Iskenderun's Myst |       |     5 ||     5
       Force Lance       |       |     3 ||     3
  Use: Potion            |     3 |     2 ||     5
       Scroll            |       |     1 ||     1
Armor: Robe              |     8 |     1 ||     9
Dodge: Dodged            |    23 |     3 ||    26
